TOP OF THE 1ST |
New York Mets batting - Pitching for Baltimore Orioles : RHP Jacob Taylor
|
Pitching: RHP Jacob Taylor
|
|
Batting: SHB Sean Cook
|
0-0: Ball 1-0: Ball 2-0: SOLO HOME RUN (Flyball, 9D, EV 98.8 MPH), Distance : 384 ft
|
Batting: SHB Gus Berry
|
0-0: Swinging Strike 0-1: Ball 1-1: Ball 2-1: Foul Ball, location: 2F 2-2: Foul Ball, location: 2F 2-2: Foul Ball, location: 2F 2-2: Ball 3-2: Strikes out swinging
|
Batting: SHB Jonathan Jenkins
|
0-0: Ball 1-0: Ball 2-0: DOUBLE (Groundball, 3L, EV 103.1 MPH)
|
Batting: SHB Nelle van den Berg
|
0-0: 2-RUN HOME RUN (Flyball, 9LD, EV 96.2 MPH), Distance : 360 ft
|
Batting: SHB Harry Hoop
|
0-0: Ball 1-0: SINGLE (Line Drive, 34D, EV 100.0 MPH)
|
Batting: SHB Javy Rosa
|
0-0: Ball 1-0: SINGLE (Groundball, 6MD, EV 95.6 MPH) Harry Hoop to second Runner from 2nd tries for 3rd, SAFE, no throw by CF
|
Batting: SHB Kaname Fujimoto
|
0-0: Ball 1-0: Swinging Strike 1-1: Foul Ball, location: 2F 1-2: Foul Ball, location: 2F 1-2: Fly out, F8 (Flyball, 78D, EV 94.4 MPH) Runner from 3rd tags up, SCORES, throw by CF
|
Batting: LHB Timo Gomez
|
0-0: Ball 1-0: Fly out, F8 (Line Drive, 8LM, EV 96.2 MPH)
|
Top of the 1st over - 4 runs, 5 hits, 0 errors, 1 left on base; New York 4 - Baltimore 0 |
BOTTOM OF THE 1ST |
Baltimore Orioles batting - Pitching for New York Mets : LHP Lewis Thorpe Jr.
|
Pitching: LHP Lewis Thorpe Jr.
|
|
Batting: RHB Saimei Kudo
|
0-0: Ball 1-0: Ball 2-0: Ball 3-0: Called Strike 3-1: Foul Ball, location: 2F 3-2: Foul Ball, location: 2F 3-2: Foul Ball, location: 2F 3-2: SINGLE (Groundball, 6MD, EV 105.0 MPH)
|
Batting: RHB Marc Peckermark
|
0-0: Ball 1-0: Ball 2-0: Foul Ball, location: 2F 2-1: Ball 3-1: Grounds into double play, 6-4-3 (Groundball, 6, EV 78.8 MPH)
|
Batting: LHB Brad Pepin
|
0-0: Ball 1-0: Foul Ball, location: 2F 1-1: Foul Ball, location: 2F 1-2: Fly out, F8 (Line Drive, 8LM, EV 103.1 MPH)
|
Bottom of the 1st over - 0 runs, 1 hit, 0 errors, 0 left on base; New York 4 - Baltimore 0 |
TOP OF THE 2ND |
New York Mets batting - Pitching for Baltimore Orioles : RHP Jacob Taylor
|
Batting: SHB Tomas Caldera
|
0-0: Ball 1-0: Ground out U3 (Groundball, 13, EV 91.9 MPH)
|
Batting: SHB Sean Cook
|
0-0: Ball 1-0: Ball 2-0: Ball 3-0: Base on Balls
|
Batting: SHB Gus Berry
|
0-0: Ball 1-0: Swinging Strike 1-1: Called Strike 1-2: Ball 2-2: SINGLE (Line Drive, 89S, EV 98.1 MPH) Sean Cook to second Runner from 2nd tries for 3rd, OUT! 9-5
|
Batting: SHB Jonathan Jenkins
|
0-0: Ball 1-0: Ball 2-0: Ball 3-0: Called Strike 3-1: SINGLE (Groundball, 56D, EV 98.1 MPH) Gus Berry to second Runner from 2nd tries for 3rd, OUT! 7-5
|
Top of the 2nd over - 0 runs, 2 hits, 0 errors, 1 left on base; New York 4 - Baltimore 0 |
BOTTOM OF THE 2ND |
Baltimore Orioles batting - Pitching for New York Mets : LHP Lewis Thorpe Jr.
|
Batting: SHB Jason Hayes
|
0-0: Ball 1-0: Ball 2-0: Ball 3-0: SINGLE (Groundball, 34D, EV 96.9 MPH)
|
Batting: RHB Kevin Howard
|
0-0: Called Strike 0-1: Ball 1-1: Ball 2-1: Foul Ball, location: 2F 2-2: Ball 3-2: Foul Ball, location: 2F 3-2: Ground out 6-3 (Groundball, 6, EV 109.4 MPH) Jason Hayes to second
|
Batting: RHB Alex Rodriguez Jr.
|
0-0: Ball 1-0: Ball 2-0: Ball 3-0: Called Strike 3-1: Swinging Strike 3-2: Ground out 6-3 (Groundball, 4MS, EV 83.8 MPH) Jason Hayes to third
|
Batting: RHB Josh Hamilton
|
0-0: Called Strike 0-1: Ball 1-1: Ground out 4-3 (Groundball, 4, EV 104.4 MPH)
|
Bottom of the 2nd over - 0 runs, 1 hit, 0 errors, 1 left on base; New York 4 - Baltimore 0 |
TOP OF THE 3RD |
New York Mets batting - Pitching for Baltimore Orioles : RHP Jacob Taylor
|
Batting: SHB Nelle van den Berg
|
0-0: Ball 1-0: Ball 2-0: Fly out, F9 (Line Drive, 8RM, EV 93.8 MPH)
|
Batting: SHB Harry Hoop
|
0-0: Called Strike 0-1: Ball 1-1: Fly out, F7 (Flyball, 78S, EV 89.4 MPH)
|
Batting: SHB Javy Rosa
|
0-0: Ball 1-0: Called Strike 1-1: Ball 2-1: Ground out 4-3 (Groundball, 4M, EV 89.4 MPH)
|
Top of the 3rd over - 0 runs, 0 hits, 0 errors, 0 left on base; New York 4 - Baltimore 0 |
BOTTOM OF THE 3RD |
Baltimore Orioles batting - Pitching for New York Mets : LHP Lewis Thorpe Jr.
|
Batting: LHB Bob Melley
|
0-0: Ball 1-0: Ball 2-0: Ball 3-0: Foul Ball, location: 2F 3-1: Foul Ball, location: 2F 3-2: Base on Balls
|
Batting: RHB Andres Leon
|
0-0: Foul Ball, location: 2F 0-1: Called Strike 0-2: Foul Ball, location: 2F 0-2: Ground out 5-3 (Groundball, 56S, EV 70.0 MPH) Bob Melley to second
|
Batting: RHB Saimei Kudo
|
0-0: Ground out 6-3 (Groundball, 6S, EV 72.5 MPH) Bob Melley to third
|
Batting: RHB Marc Peckermark
|
0-0: Ball 1-0: Ball 2-0: Foul Ball, location: 2F 2-1: Ball 3-1: Foul Ball, location: 2F 3-2: Strikes out looking
|
Bottom of the 3rd over - 0 runs, 0 hits, 0 errors, 1 left on base; New York 4 - Baltimore 0 |
TOP OF THE 4TH |
New York Mets batting - Pitching for Baltimore Orioles : RHP Jacob Taylor
|
Batting: SHB Kaname Fujimoto
|
0-0: Foul Ball, location: 2F 0-1: Foul Ball, location: 2F 0-2: Ball 1-2: Ball 2-2: Foul Ball, location: 2F 2-2: Strikes out looking
|
Batting: LHB Timo Gomez
|
0-0: Ball 1-0: SINGLE (Groundball, 34D, EV 94.4 MPH)
|
Batting: SHB Tomas Caldera
|
0-0: Ball Timo Gomez steals 2nd base 1-0: Ball 2-0: Foul Ball, location: 2F 2-1: Foul Ball, location: 2F 2-2: Fly out, F8 (Line Drive, 8LM, EV 94.4 MPH)
|
Batting: SHB Sean Cook
|
0-0: Fly out, F8 (Flyball, 8RXD, EV 92.5 MPH)
|
Top of the 4th over - 0 runs, 1 hit, 0 errors, 1 left on base; New York 4 - Baltimore 0 |
BOTTOM OF THE 4TH |
Baltimore Orioles batting - Pitching for New York Mets : LHP Lewis Thorpe Jr.
|
Batting: LHB Brad Pepin
|
0-0: Fly out, F9 (Flyball, 9, EV 81.9 MPH)
|
Batting: SHB Jason Hayes
|
0-0: Ball 1-0: Swinging Strike 1-1: Ball 2-1: Foul Ball, location: 2F 2-2: Strikes out swinging
|
Batting: RHB Kevin Howard
|
0-0: Ball 1-0: Ball 2-0: Called Strike 2-1: Swinging Strike 2-2: Ball 3-2: Fly out, F9 (Flyball, 9D, EV 88.1 MPH)
|
Bottom of the 4th over - 0 runs, 0 hits, 0 errors, 0 left on base; New York 4 - Baltimore 0 |
TOP OF THE 5TH |
New York Mets batting - Pitching for Baltimore Orioles : RHP Jacob Taylor
|
Batting: SHB Gus Berry
|
0-0: Ball 1-0: Foul Ball, location: 2F 1-1: Foul Ball, location: 2F 1-2: Strikes out swinging
|
Batting: SHB Jonathan Jenkins
|
0-0: Ball 1-0: Swinging Strike 1-1: Ball 2-1: Foul Ball, location: 2F 2-2: Foul Ball, location: 2F 2-2: Fly out, F4 (Flyball, 34D, EV 83.8 MPH)
|
Batting: SHB Nelle van den Berg
|
0-0: Ground out 6-3 (Groundball, 6, EV 102.5 MPH)
|
Top of the 5th over - 0 runs, 0 hits, 0 errors, 0 left on base; New York 4 - Baltimore 0 |
BOTTOM OF THE 5TH |
Baltimore Orioles batting - Pitching for New York Mets : LHP Lewis Thorpe Jr.
|
Batting: RHB Alex Rodriguez Jr.
|
0-0: Foul Ball, location: 2F 0-1: SINGLE (Groundball, 34D, EV 102.5 MPH)
|
Batting: RHB Josh Hamilton
|
0-0: Called Strike 0-1: Foul Ball, location: 2F 0-2: Foul Ball, location: 2F 0-2: TRIPLE (Flyball, 89XD, EV 94.4 MPH) Alex Rodriguez Jr. scores
|
Batting: LHB Bob Melley
|
0-0: Called Strike 0-1: Ball 1-1: Called Strike 1-2: Ball 2-2: Ball 3-2: SINGLE (Groundball, 6S, EV 61.9 MPH) (infield hit) Josh Hamilton scores
|
Batting: RHB Andres Leon
|
0-0: Ball 1-0: Foul Ball, location: 2F 1-1: Foul Ball, location: 2F 1-2: Grounds into double play, 4-6-3 (Groundball, 4S, EV 88.8 MPH)
|
Batting: RHB Saimei Kudo
|
0-0: Ball 1-0: Ball 2-0: Ball 3-0: Called Strike 3-1: Called Strike 3-2: SINGLE (Line Drive, 7S, EV 99.4 MPH)
|
Batting: RHB Marc Peckermark
|
0-0: Ball Wild Pitch! Saimei Kudo to second 1-0: Ball 2-0: Ball 3-0: Base on Balls
|
Batting: LHB Brad Pepin
|
0-0: Foul Ball, location: 2F 0-1: SINGLE (Groundball, 34D, EV 105.0 MPH) Saimei Kudo to third Marc Peckermark to second Runner from 3rd tries for Home, SAFE, throw by RF to home
|
Batting: SHB Jason Hayes
|
0-0: Called Strike 0-1: Called Strike 0-2: Foul Ball, location: 2F 0-2: Ball 1-2: Foul Ball, location: 2F 1-2: Ball 2-2: Ball 3-2: SINGLE (Line Drive, 89S, EV 98.8 MPH) Marc Peckermark to third Brad Pepin to second Marc Peckermark scores Brad Pepin to third
|
Batting: RHB Kevin Howard
|
0-0: Foul Ball, location: 2F 0-1: Foul Ball, location: 2F 0-2: Ball 1-2: Fly out, F3 (Popup, 3SF, EV 65.6 MPH)
|
Bottom of the 5th over - 4 runs, 6 hits, 0 errors, 2 left on base; New York 4 - Baltimore 4 |
TOP OF THE 6TH |
New York Mets batting - Pitching for Baltimore Orioles : RHP Jacob Taylor
|
Batting: SHB Harry Hoop
|
0-0: Ball 1-0: Called Strike 1-1: Ball 2-1: Ball 3-1: TRIPLE (Flyball, 78XD, EV 105.0 MPH)
|
Batting: SHB Javy Rosa
|
0-0: Called Strike 0-1: Foul Ball, location: 2F 0-2: Ball 1-2: Ball 2-2: SINGLE (Line Drive, 56D, EV 96.2 MPH) Harry Hoop scores
|
Pitching: RHP Mike Hurst
|
|
Batting: SHB Kaname Fujimoto
|
0-0: Called Strike 0-1: Ball Wild Pitch! Javy Rosa to second 1-1: Ball 2-1: Swinging Strike 2-2: Foul Ball, location: 2F 2-2: Strikes out looking
|
Batting: LHB Timo Gomez
|
0-0: Ball 1-0: Called Strike 1-1: Ball 2-1: Ball 3-1: Swinging Strike 3-2: Strikes out looking
|
Batting: SHB Tomas Caldera
|
0-0: Ball 1-0: DOUBLE (Line Drive, 78D, EV 113.1 MPH) Javy Rosa scores
|
Batting: SHB Sean Cook
|
0-0: Called Strike 0-1: Ball 1-1: Swinging Strike 1-2: Ball 2-2: Foul Ball, location: 2F 2-2: Strikes out swinging
|
Top of the 6th over - 2 runs, 3 hits, 0 errors, 1 left on base; New York 6 - Baltimore 4 |
BOTTOM OF THE 6TH |
Baltimore Orioles batting - Pitching for New York Mets : LHP Lewis Thorpe Jr.
|
Pitching: RHP Justin Howard
|
|
Batting: RHB Alex Rodriguez Jr.
|
0-0: Fly out, F9 (Flyball, 89M, EV 83.8 MPH)
|
Batting: RHB Josh Hamilton
|
0-0: Called Strike 0-1: Ball 1-1: Called Strike 1-2: Strikes out looking
|
Batting: LHB Bob Melley
|
0-0: Ball 1-0: Foul Ball, location: 2F 1-1: Ball 2-1: Swinging Strike 2-2: Strikes out swinging
|
Bottom of the 6th over - 0 runs, 0 hits, 0 errors, 0 left on base; New York 6 - Baltimore 4 |
TOP OF THE 7TH |
New York Mets batting - Pitching for Baltimore Orioles : RHP Mike Hurst
|
Pitching: LHP Manny Trump
|
|
Batting: SHB Gus Berry
|
0-0: Called Strike 0-1: Ball 1-1: Ball 2-1: Foul Ball, location: 2F 2-2: Ball 3-2: Base on Balls
|
Batting: SHB Jonathan Jenkins
|
0-0: Ball 1-0: Ball 2-0: Called Strike 2-1: Swinging Strike 2-2: DOUBLE (Line Drive, 9LM, EV 108.1 MPH) Gus Berry to third
|
Batting: SHB Nelle van den Berg
|
0-0: Foul Ball, location: 2F 0-1: Ball 1-1: Foul Ball, location: 2F 1-2: Ball 2-2: Ground out 5-3 (Groundball, 56, EV 90.0 MPH) Gus Berry scores
|
Batting: SHB Harry Hoop
|
0-0: Intentional Walk
|
Batting: SHB Javy Rosa
|
0-0: Ball 1-0: Ball 2-0: Swinging Strike 2-1: SINGLE (Line Drive, 56D, EV 94.4 MPH) Jonathan Jenkins to third Harry Hoop to second Runner from 3rd tries for Home, SAFE, throw by LF to home
|
Batting: SHB Kaname Fujimoto
|
0-0: Fly out, F6 (Popup, 6S, EV 66.9 MPH)
|
Batting: LHB Timo Gomez
|
0-0: Ball 1-0: Ball 2-0: Swinging Strike 2-1: Foul Ball, location: 2F 2-2: Ball Wild Pitch! Harry Hoop to third Javy Rosa to second 3-2: Foul Ball, location: 2F 3-2: Foul Ball, location: 2F 3-2: Fly out, F8 (Flyball, 8LS, EV 81.9 MPH)
|
Top of the 7th over - 2 runs, 2 hits, 0 errors, 2 left on base; New York 8 - Baltimore 4 |
BOTTOM OF THE 7TH |
Baltimore Orioles batting - Pitching for New York Mets : RHP Justin Howard
|
Batting: RHB Andres Leon
|
0-0: Called Strike 0-1: Ball 1-1: Foul Ball, location: 2F 1-2: Ball 2-2: SINGLE (Line Drive, 4D, EV 96.9 MPH)
|
Batting: RHB Saimei Kudo
|
0-0: Swinging Strike 0-1: Ball 1-1: Ball Andres Leon steals 2nd base 2-1: Called Strike 2-2: Ball 3-2: Foul Ball, location: 2F 3-2: Fly out, F4 (Flyball, 4D, EV 93.1 MPH)
|
Batting: RHB Marc Peckermark
|
0-0: Ball 1-0: Ground out 6-3 (Groundball, 6, EV 99.4 MPH)
|
Batting: LHB Brad Pepin
|
0-0: Called Strike 0-1: Ball 1-1: Swinging Strike 1-2: Foul Ball, location: 2F 1-2: Foul Ball, location: 2F 1-2: Strikes out swinging
|
Bottom of the 7th over - 0 runs, 1 hit, 0 errors, 1 left on base; New York 8 - Baltimore 4 |
TOP OF THE 8TH |
New York Mets batting - Pitching for Baltimore Orioles : LHP Manny Trump
|
Batting: SHB Tomas Caldera
|
0-0: Ball 1-0: Ball 2-0: Foul Ball, location: 2F 2-1: Ball 3-1: SINGLE (Line Drive, 56, EV 110.0 MPH)
|
Batting: SHB Sean Cook
|
0-0: Foul Ball, location: 2F 0-1: Ball 1-1: Sac Bunt to 15S - play at first, batter OUT! 1-4 Tomas Caldera to second
|
Batting: SHB Gus Berry
|
0-0: Ball Tomas Caldera steals 3rd base 1-0: Called Strike 1-1: Called Strike 1-2: Foul Ball, location: 2F 1-2: Strikes out looking
|
Batting: SHB Jonathan Jenkins
|
0-0: Ball 1-0: Called Strike 1-1: Ball 2-1: Ball 3-1: Ground out 2-3 (Groundball, 15S, EV 63.8 MPH)
|
Top of the 8th over - 0 runs, 1 hit, 0 errors, 1 left on base; New York 8 - Baltimore 4 |
BOTTOM OF THE 8TH |
Baltimore Orioles batting - Pitching for New York Mets : RHP Justin Howard
|
Pitching: LHP Chris Thurner
|
|
Batting: SHB Jason Hayes
|
0-0: Ball 1-0: Ball 2-0: Called Strike 2-1: Foul Ball, location: 2F 2-2: Ball 3-2: SINGLE (Groundball, 3D, EV 105.0 MPH)
|
Batting: RHB Kevin Howard
|
0-0: Called Strike 0-1: Called Strike 0-2: Fly out, F7 (Flyball, 7D, EV 103.1 MPH)
|
Batting: RHB Alex Rodriguez Jr.
|
0-0: Foul Ball, location: 2F 0-1: Ball 1-1: Ball 2-1: Grounds into double play, 3-6-3 (Groundball, 34S, EV 88.1 MPH)
|
Bottom of the 8th over - 0 runs, 1 hit, 0 errors, 0 left on base; New York 8 - Baltimore 4 |
TOP OF THE 9TH |
New York Mets batting - Pitching for Baltimore Orioles : LHP Manny Trump
|
Pitching: LHP Bubba Fields
|
|
Batting: SHB Nelle van den Berg
|
0-0: Ball 1-0: Foul Ball, location: 2F 1-1: Swinging Strike 1-2: Ball 2-2: Strikes out looking
|
Batting: SHB Harry Hoop
|
0-0: Ball 1-0: Foul Ball, location: 2F 1-1: Ball 2-1: Swinging Strike 2-2: Ball 3-2: SINGLE (Flyball, 8RS, EV 95.0 MPH)
|
Batting: SHB Javy Rosa
|
0-0: Ball Harry Hoop steals 2nd base 1-0: Ball 2-0: Called Strike 2-1: Foul Ball, location: 2F 2-2: Ball 3-2: Base on Balls
|
Batting: SHB Kaname Fujimoto
|
0-0: Ball 1-0: Swinging Strike 1-1: Foul Ball, location: 2F 1-2: Foul Ball, location: 2F 1-2: Strikes out swinging
|
Batting: LHB Timo Gomez
|
0-0: Swinging Strike 0-1: Foul Ball, location: 2F 0-2: Foul Ball, location: 2F 0-2: Strikes out swinging
|
Top of the 9th over - 0 runs, 1 hit, 0 errors, 2 left on base; New York 8 - Baltimore 4 |
BOTTOM OF THE 9TH |
Baltimore Orioles batting - Pitching for New York Mets : LHP Chris Thurner
|
Pitching: RHP Ron Hawkins
|
|
Batting: RHB Josh Hamilton
|
0-0: Ball 1-0: Called Strike 1-1: SINGLE (Groundball, 56D, EV 94.4 MPH)
|
Batting: LHB Bob Melley
|
0-0: Called Strike 0-1: Ball 1-1: Ball 2-1: Swinging Strike 2-2: SINGLE (Line Drive, 5D, EV 101.2 MPH) Josh Hamilton to second
|
Pitching: LHP Sam Schrecengost
|
|
Batting: RHB Andres Leon
|
0-0: Ball 1-0: Called Strike 1-1: Ball 2-1: Ball 3-1: Foul Ball, location: 2F 3-2: Strikes out swinging
|
Batting: RHB Saimei Kudo
|
0-0: Foul Ball, location: 2F 0-1: Ball 1-1: Ball 2-1: Called Strike 2-2: TRIPLE (Flyball, 89XD, EV 104.4 MPH) Josh Hamilton scores Bob Melley scores
|
Batting: RHB Marc Peckermark
|
0-0: Called Strike 0-1: Called Strike 0-2: Ball 1-2: Strikes out swinging
|
Batting: LHB Brad Pepin
|
0-0: Ball 1-0: Swinging Strike 1-1: SINGLE (Groundball, 25, EV 68.1 MPH) (infield hit) Saimei Kudo scores
|
Batting: SHB Jason Hayes
|
0-0: Called Strike 0-1: Foul Ball, location: 2F 0-2: Foul Ball, location: 2F 0-2: Ball 1-2: Ball 2-2: Strikes out swinging
|
Bottom of the 9th over - 3 runs, 4 hits, 0 errors, 1 left on base; New York 8 - Baltimore 7 |
|